 Dungeon Crawl Stone Soup version 0.18.1-48-g4cf74bf (webtiles) character file.

108 HEYYEYAAE the Chiller (level 4, -2/36 HPs)
             Began as a Draconian Ice Elementalist on Sept 2, 2016.
             Killed by divine providence
             ... invoked by an orc priest
              (15 damage)
             ... on level 3 of the Dungeon.
             The game lasted 00:03:11 (1975 turns).

HEYYEYAAE the Chiller (Draconian Ice Elementalist)  Turns: 1975, Time: 00:03:11

Health: -2/36      AC:  7    Str:  9 (11) XL:     4   Next: 58%
Magic:  8/8        EV: 12    Int: 19 (21) God:
Gold:   118        SH:  0    Dex:  8 (11) Spells: 1 memorised, 8 levels left

rFire  . . .     SeeInvis .     g - +1 dagger (speed)
rCold  + . .     Gourm    +     (armour unavailable)
rNeg   . . .     Faith    .     (no shield)
rPois  .         Spirit   .     l - +2 hat
rElec  .         Dismiss  .     (no cloak)
rCorr  .         Reflect  .     (no gloves)
SustAt .         Harm     .     (no boots)
MR     .....                    p - amulet of the gourmand
Stlth  +.........               q - ring of protection from cold
                                h - ring of flight

@: brilliant, lethally poisoned (-2 -> -4), very slightly contaminated, not
resistant to hostile enchantments, very unstealthy
A: unfitting armour, cold-blooded, AC +5
a: Evoke Flight


You were on level 3 of the Dungeon.
You were not hungry.

You visited 1 branch of the dungeon, and saw 3 of its levels.

You collected 118 gold pieces.

Inventory:

Hand Weapons
 d - a +0 dagger
 g - a +1 dagger of speed (weapon)
Armour
 l - a +2 hat (worn)
Jewellery
 h - a ring of flight (left hand)
 p - an amulet of the gourmand (around neck)
 q - a ring of protection from cold (right hand)
 v - an uncursed amulet of dismissal
Scrolls
 c - a scroll of immolation {unknown}
 e - a scroll of fear {unknown}
 i - a scroll of fog {unknown}
Potions
 j - a potion of flight
 t - a potion of brilliance
Books
 a - a book of Frost

   Spells                             Type                      Level
   a - Freeze                         Ice                          1
   b - Throw Frost                    Conjuration/Ice              2
   c - Ozocubu's Armour               Charms/Ice                   3
   d - Throw Icicle                   Conjuration/Ice              4
   e - Summon Ice Beast               Ice/Summoning                4
Comestibles
 b - 3 bread rations
 m - a royal jelly
 u - a meat ration


   Skills:
 + Level 2.1 Fighting
 + Level 2.1 Dodging
 - Level 1.7 Stealth
 * Level 3.0 Spellcasting
   Level 1.0 Conjurations
 * Level 4.0 Ice Magic


You had 8 spell levels left.
You knew the following spells:

 Your Spells              Type           Power        Failure   Level  Hunger
a - Freeze                Ice            ####         1%          1    None


Dungeon Overview and Level Annotations

Branches:
Dungeon (3/15)

Altars:

Annotations:
D:3 Sigmund


Innate Abilities, Weirdness & Mutations

Your plain brown scales are hard (AC +5).
Your body does not fit into most forms of armour.
You are cold-blooded and may be slowed by cold attacks.


Message History

The goblin closely misses you.
Drink which item? (? for menu, Esc to quit)
It was a potion of brilliance.
You feel clever all of a sudden.
You feel sick.
The goblin hits you but does no damage. x2
Read which item? (? for menu, Esc to quit)
Blink to where?
Press: ? - help, Dir - move target cursor You are very lightly contaminated with residual magic.
As you read the scroll of blinking, it crumbles to dust.
The orc priest looks braver for a moment.
You feel sick.
There is an open door here.
You close the door.
You feel sick.
You feel sick.
A goblin opens the door.
You feel sick.
The orc priest mumbles some strange prayers to Beogh against you.
Beogh smites you!
You die...

########## #........# #........#
##### #........# #...### ########
#........########.#.#..
##......###........##.......#.#.#
.'..@.gg'o'g.......''.......'...>
##@og...###.....@..##.......#.#.#
#......# #....(...###)#....#.#..
#......# #........# #.#.####.###
#......# ############.#.# #.#
#......# #..).# #.#
#......#############..### #.#
#########.............# #.#
........#########.######.###
#####.#..# #.).)...........


You could see an orc priest and a goblin.

Vanquished Creatures
  Terence (D:2)
  Robin (D:3)
  An ooze (D:2)
  3 worms
  A dart slug (D:1)
  2 giant geckos (D:1)
  An orc (D:3)
  2 ball pythons
  3 giant cockroaches
  7 hobgoblins
  7 kobolds
  6 bats
  4 giant newts
  10 goblins
  4 rats
53 creatures vanquished.

Notes
Turn   | Place    | Note
--------------------------------------------------------------
     0 | D:1      | HEYYEYAAE the Draconian Ice Elementalist began the quest for the Orb.
     0 | D:1      | Reached XP level 1. HP: 14/14 MP: 3/3
    72 | D:1      | Reached XP level 2. HP: 15/22 MP: 5/5
   260 | D:1      | Reached skill level 1 in Fighting
   876 | D:1      | Reached XP level 3. HP: 28/28 MP: 6/6
  1165 | D:2      | Noticed Terence
  1217 | D:2      | Killed Terence
  1217 | D:2      | Reached XP level 4. HP: 34/35 MP: 1/7
  1679 | D:3      | Noticed Robin
  1713 | D:3      | Killed Robin
  1928 | D:3      | Reached skill level 4 in Ice Magic
  1941 | D:3      | Noticed Sigmund
  1975 | D:3      | Killed from afar by an orc priest

Skill      XL: |  1  2  3  4 |
---------------+-------------+-----
Fighting       | 1 2 |  2.1
Dodging        | 2 |  2.1
Spellcasting   | 3 |  3.0
Ice Magic      | 4 |  4.0
Stealth        | |  1.7
Conjurations   | |  1.0

Action                   |  1- 3 |  4- 6 || total
-------------------------+-------+-------++-------
Melee: Unarmed           |    10 |       ||    10
       Dagger            |   115 |    97 ||   212
       Tailslap          |    10 |     8 ||    18
 Cast: Freeze            |    12 |     7 ||    19
  Use: Potion            |     2 |     4 ||     6
       Scroll            |       |     5 ||     5
 Stab: Sleeping          |     6 |       ||     6
  Eat: Chunk             |       |     8 ||     8
Armor: Skin              |    33 |    42 ||    75
Dodge: Dodged            |    76 |    74 ||   150
